 Dungeon Crawl Stone Soup version 0.20-a0-984-ge8aa303 (webtiles) character file.

197 dvd the Shooter (level 5, -5/45 HPs)
             Began as a Centaur Hunter on Apr 10, 2017.
             Was an Initiate of Okawaru.
             Slain by Grinder (7 damage)
             ... on level 4 of the Dungeon.
             The game lasted 00:08:19 (3589 turns).

dvd the Shooter (Centaur Hunter)                    Turns: 3589, Time: 00:08:20

Health: -5/45      AC:  6    Str: 20    XL:     5   Next: 46%
Magic:  5/5        EV:  9    Int: 10    God:    Okawaru [......]
Gold:   137        SH:  0    Dex: 10    Spells: 2/4 levels left

rFire    . . .     SeeInvis .   b - +0 spear (pierce)
rCold    . . .     Gourm    .   (no shield)
rNeg     . . .     Faith    .   c - +0 leather armour
rPois    .         Spirit   .   o - +0 helmet
rElec    .         Reflect  .   (no cloak)
rCorr    .         Harm     .   s - +0 pair of gloves
MR       .....                  (no barding)
Stlth    +.........             (no amulet)
Regen    0.2/turn               (no ring)
MPRegen  0.1/turn               (no ring)

@: mighty, very quick
A: hooves 3, deformed body, speed 2, tough skin 3
a: Renounce Religion


You were on level 4 of the Dungeon.
You worshipped Okawaru.
Okawaru was noncommittal.
You were not hungry.

You visited 1 branch of the dungeon, and saw 4 of its levels.

You collected 137 gold pieces.

Inventory:

Hand Weapons
 a - a +1 shortbow
 b - a +0 spear of piercing (weapon)
Missiles
 d - 7 arrows
 u - a throwing net (quivered)
Armour
 c - a +0 leather armour (worn)
 o - a +0 helmet (worn)
 s - a +0 pair of gloves (worn)
Jewellery
 n - an uncursed ring of ice
Scrolls
 g - 3 scrolls of identify
 j - a scroll of blinking {unknown}
 k - 2 scrolls of remove curse
 m - a scroll of fog {unknown}
 q - 2 scrolls of random uselessness {unknown}
 v - a scroll of amnesia {unknown}
Potions
 e - a potion of magic {unknown}
 h - a potion of resistance {unknown}
 i - a potion of might
 p - a potion of invisibility
Books
 r - a book of Minor Magic

   Spells                             Type                      Level
   a - Magic Dart                     Conjuration                  1
   b - Blink                          Translocation                2
   c - Call Imp                       Summoning                    2
   d - Slow                           Hexes                        2
   e - Conjure Flame                  Conjuration/Fire             3
   f - Mephitic Cloud                 Conjuration/Poison/Air       3
Comestibles
 f - 2 bread rations
 l - 3 fruits
 t - 10 chunks of flesh


   Skills:
 + Level 3.0 Fighting
   Level 1.5 Short Blades
 + Level 7.1 Bows
 + Level 1.3 Armour
 + Level 1.5 Dodging
 + Level 0.6 Stealth


You had 2 spell levels left.
You knew the following spells:

 Your Spells              Type           Power        Failure   Level  Hunger
a - Blink                 Tloc           N/A          71%         2    ###....


Dungeon Overview and Level Annotations

Branches:
Dungeon (4/15)
 Temple: D:4-7

Altars:
Okawaru
Vehumet
Yredelemnul

Annotations:
D:4 Grinder


Innate Abilities, Weirdness & Mutations

You have hooves in place of feet.
Armour fits poorly on your strangely shaped body.
You cover ground very quickly.
You have extremely tough skin. (AC +3)


Message History

You closely miss Grinder.
Grinder is heavily wounded.
Grinder hits you but does no damage.
You closely miss Grinder. You kick Grinder, but do no damage.
Grinder is heavily wounded.
Grinder hits you.
You writhe in agony.
You closely miss Grinder. You kick Grinder.
Grinder is severely wounded.
Grinder hits you but does no damage. Grinder barely misses you.
You hit Grinder but do no damage. Your kick misses Grinder.
Grinder is severely wounded.
Grinder hits you!
* * * LOW HITPOINT WARNING * * *
You writhe in agony.
* * * LOW HITPOINT WARNING * * *
Unknown command.
It was a potion of might.
You feel very mighty all of a sudden. Grinder hits you!
You die...

#.#.#.# #. #.#.#.#
#. #.#.#.# #(
#.#<#.# #(
#######.###.# #5
............# #.
######.#####
#(##############.#
#.(........@5..((#
##################


You could see Grinder.

Vanquished Creatures
  A quasit (D:3)
  Robin (D:2)
  7 gnolls (D:3)
  2 adders
  A dart slug (D:2)
  A leopard gecko (D:2)
  8 giant cockroaches
  9 goblins
  11 hobgoblins
  7 jackals
  5 bats
  2 frilled lizards (D:2)
  5 kobolds
  4 rats
64 creatures vanquished.

Notes
Turn   | Place    | Note
-------+----------+-------------------------------------------
     0 | D:1      | dvd the Centaur Hunter began the quest for the Orb.
     0 | D:1      | Reached XP level 1. HP: 17/17 MP: 1/1
   138 | D:1      | Reached XP level 2. HP: 6/24 MP: 2/2
   987 | D:2      | Found a basalt altar of Yredelemnul.
  1021 | D:2      | Reached skill level 6 in Bows
  1234 | D:2      | Found a radiant altar of Vehumet.
  1275 | D:2      | Noticed Robin
  1279 | D:2      | Killed Robin
  1279 | D:2      | Reached XP level 3. HP: 29/29 MP: 3/3
  1321 | D:2      | Reached skill level 1 in Short Blades
  1943 | D:2      | Learned a level 2 spell: Blink
  2082 | D:2      | Reached skill level 1 in Armour
  2230 | D:2      | Reached XP level 4. HP: 26/36 MP: 4/4
  2464 | D:3      | Reached XP level 5. HP: 30/44 MP: 5/5
  2523 | D:3      | Reached skill level 7 in Bows
  2711 | D:3      | Found an iron altar of Okawaru.
  2729 | D:3      | Became a worshipper of Warmaster Okawaru
  3545 | D:4      | Noticed Grinder
  3562 | D:4      | Paralysed by Grinder for 6 turns
  3588 | D:4      | HP: 2/45 [Grinder (5)]
  3589 | D:4      | Slain by Grinder

Vault maps used:
D:1:      minmay_arrival_shattered_statue
D:2:      vehumet_crystals, lemuel_crystal_altar, uniq_robin
D:3:      lemuel_crystal_altar
D:4:      old_standard_altar, overflow_temple_1_default, first_bread,
          uniq_grinder

Skill      XL: |  1  2  3  4  5 |
---------------+----------------+-----
Bows           | 6 7 |  7.1
Short Blades   | 1 |  1.5
Armour         | 1 |  1.3
Fighting       | 3 |  3.0
Dodging        | |  1.5
Stealth        | |  0.6

Action                   |  1- 3 |  4- 6 || total
-------------------------+-------+-------++-------
Melee: Short sword       |    99 |       ||    99
       Kick              |    12 |     4 ||    16
       Spear             |       |    23 ||    23
 Fire: Shortbow          |    77 |    91 ||   168
Throw: Throwing net      |     1 |       ||     1
  Use: Scroll            |       |     2 ||     2
       Potion            |       |     1 ||     1
  Eat: Chunk             |     3 |     3 ||     6
Armor: Leather armour    |    53 |    10 ||    63
Dodge: Dodged            |    45 |    15 ||    60
